[Event "Titled Tuesday Blitz July 18 Early 2023"]
[White "Acikel, Mert"]
[Black "Chor, Kevin"]
[WhiteFideId "12956465"]
[BlackFideId "2090740"]
[WhiteElo "2314"]
[BlackElo "2537"]
[Result "0-1"]
[Round "9"]
[TimeControl "180+2"]
[Date "2023.07.18"]
[WhiteClock "0:00:10"]
[BlackClock "0:00:13"]
[Board "118"]

1. e4 c5 2. Nf3 Nc6 3. Bb5 Qb6 4. Nc3 e6 5. Bxc6 bxc6 6. O-O Ne7 7. d3 Ng6 8. Re1 Be7 9. Be3 Qxb2 10. Qd2 O-O 11. Rab1 Qa3 12. Rb3 Qa6 13. Reb1 d5 14. d4 cxd4 15. Nxd4 c5 16. Ndb5 d4 17. Nc7 dxe3 18. Qxe3 Qc6 19. Nxa8 Qxa8 20. h3 Qc6 21. a4 c4 22. Rb8 Bd6 23. R8b5 h6 24. Qxa7 Be5 25. Rb6 Qc5 26. Nb5 Nf4 27. c3 Ne2+ 28. Kf1 Nxc3 29. Nxc3 Bxc3 30. Qb8 Be5 31. Qa8 Qd4 32. Qc6 Bd7 33. Qb5 Bxb5 0-1


[Site "https://www.chess.com"]

[Event "Titled Tuesday Blitz July 18 Early 2023"]
[White "Holtel, Jasper"]
[Black "Girya, Olga"]
[WhiteFideId "12956376"]
[BlackFideId "4195752"]
[WhiteElo "2308"]
[BlackElo "2508"]
[Result "0-1"]
[Round "9"]
[TimeControl "180+2"]
[Date "2023.07.18"]
[WhiteClock "0:00:08"]
[BlackClock "0:00:02"]
[Board "119"]

1. e4 e5 2. Nf3 Nc6 3. d4 exd4 4. Nxd4 Nf6 5. Nxc6 bxc6 6. Bd3 d5 7. O-O Be7 8. Nc3 O-O 9. e5 Ng4 10. Bf4 f6 11. exf6 Bxf6 12. Bg3 Be5 13. Bxe5 Nxe5 14. Bxh7+ Kxh7 15. Qh5+ Kg8 16. Qxe5 Bf5 17. Qe2 Qe8 18. Qxe8 Rfxe8 19. f3 d4 20. Ne4 Bxe4 21. fxe4 Rxe4 22. Rae1 Rae8 23. Rxe4 Rxe4 24. Kf2 Kf7 25. Re1 Rf4+ 26. Ke2 Ke6 27. g3 Re4+ 28. Kd2 Kd5 29. Rf1 Re7 30. Rf5+ Kd6 31. Ra5 Rf7 32. Rxa7 Rf2+ 33. Kd3 c5 34. Ra6+ Kd5 35. c4+ dxc3 36. bxc3 c4+ 37. Ke3 Rxh2 38. Ra5+ c5 39. Ra8 Rc2 40. Rd8+ Kc6 41. Rc8+ Kb6 42. Rb8+ Kc6 43. Rc8+ Kd6 44. Rg8 Rxc3+ 45. Kf4 Ra3 46. Rxg7 c3 47. Ke3 c2+ 48. Kd2 Rxa2 49. Kc1 Kd5 50. Rg4 c4 51. Rf4 Kc5 52. Rf2 Ra1+ 53. Kb2 c1=Q# 0-1


[Site "https://www.chess.com"]

[Event "Titled Tuesday Blitz July 18 Early 2023"]
[White "Borrmann, Laurenz"]
[Black "Zaksaite, Salomeja"]
[WhiteFideId "312187930"]
[BlackFideId "12801496"]
[WhiteElo "2495"]
[BlackElo "2299"]
[Result "1-0"]
[Round "9"]
[TimeControl "180+2"]
[Date "2023.07.18"]
[WhiteClock "0:00:37"]
[BlackClock "0:01:05"]
[Board "120"]

1. d4 Nf6 2. c4 g6 3. Nc3 Bg7 4. e4 d6 5. h3 O-O 6. Be3 c5 7. Nf3 Nc6 8. d5 Nb8 9. Be2 e6 10. O-O exd5 11. cxd5 Re8 12. Nd2 Nbd7 13. Nc4 Nxe4 14. Nxe4 Rxe4 15. Nxd6 Rxe3 16. fxe3 Bxb2 17. Rb1 Be5 18. Nxf7 Qe7 19. d6 Qe6 20. Bg4 Qxa2 21. Bxd7 1-0


[Site "https://www.chess.com"]

[Event "Titled Tuesday Blitz July 18 Early 2023"]
[White "Mikhaylova, Irina"]
[Black "Horak, Martin"]
[WhiteFideId "4109040"]
[BlackFideId "367095"]
[WhiteElo "2298"]
[BlackElo "2492"]
[Result "1-0"]
[Round "9"]
[TimeControl "180+2"]
[Date "2023.07.18"]
[WhiteClock "0:00:20"]
[BlackClock "0:00:16"]
[Board "121"]

1. d4 Nf6 2. Nf3 d5 3. c4 e6 4. Nc3 Bb4 5. Bg5 h6 6. Bxf6 Qxf6 7. cxd5 exd5 8. Rc1 O-O 9. a3 Bxc3+ 10. Rxc3 c6 11. e3 a5 12. Be2 Bf5 13. O-O Nd7 14. b4 axb4 15. axb4 b5 16. Bd3 Bg4 17. Be2 Bxf3 18. Bxf3 Nb6 19. Be2 Ra4 20. Qc2 Rxb4 21. Rxc6 Qd8 22. Qc5 Rb2 23. Rxb6 Rxe2 24. Rxb5 Re8 25. Qxd5 Qf6 26. Ra5 Qg6 27. Ra8 Rxa8 28. Qxa8+ Kh7 29. Qf3 Qd3 30. g3 f6 31. g4 Kg6 32. Kg2 Ra2 33. Qf5+ Qxf5 34. gxf5+ Kxf5 35. Kf3 Ra3 36. Rd1 g5 37. h4 g4+ 38. Kg3 Ra6 39. Rb1 h5 40. Rb5+ Kg6 41. f3 Ra3 42. Kf4 g3 43. Rb2 f5 44. Rg2 Kf6 45. Rxg3 Ra1 46. Rg5 Ra7 47. Rxh5 Kg6 48. Rg5+ Kh6 49. Rxf5 Kg6 50. Rg5+ Kh6 51. d5 Ra5 52. e4 Ra1 53. Rf5 Kg6 54. d6 Rd1 55. Rd5 Ra1 56. d7 Ra8 57. d8=Q Rxd8 58. Rxd8 Kf6 59. Rd5 Ke6 60. Rg5 Kf6 61. h5 Kf7 62. h6 Kf6 63. h7 Kf7 64. h8=Q 1-0


[Site "https://www.chess.com"]

[Event "Titled Tuesday Blitz July 18 Early 2023"]
[White "Barwinska, Ewa"]
[Black "Wartiovaara, Oliver"]
[WhiteFideId "21833761"]
[BlackFideId "513024"]
[WhiteElo "2293"]
[BlackElo "2467"]
[Result "0-1"]
[Round "9"]
[TimeControl "180+2"]
[Date "2023.07.18"]
[WhiteClock "0:00:10"]
[BlackClock "0:02:17"]
[Board "122"]

1. e4 b6 2. d4 Bb7 3. Nc3 e6 4. f4 Bb4 5. Bd3 f5 6. exf5 Bxg2 7. Qh5+ Kf8 8. Nf3 Nf6 9. Qg5 Bxh1 10. Ne5 d6 11. Ng4 Bxc3+ 12. bxc3 exf5 13. Qxf5 Qd7 14. Nxf6 Qxf5 15. Bxf5 gxf6 0-1


[Site "https://www.chess.com"]

[Event "Titled Tuesday Blitz July 18 Early 2023"]
[White "Ljukin, Sergei"]
[Black "Akhayan, Ruben"]
[WhiteFideId "14102200"]
[BlackFideId "204439"]
[WhiteElo "2460"]
[BlackElo "2288"]
[Result "1-0"]
[Round "9"]
[TimeControl "180+2"]
[Date "2023.07.18"]
[WhiteClock "0:00:24"]
[BlackClock "0:00:15"]
[Board "123"]

1. e4 e5 2. Nf3 Nc6 3. Bb5 a6 4. Ba4 Nf6 5. Qe2 b5 6. Bb3 Be7 7. c3 O-O 8. O-O d5 9. d3 dxe4 10. dxe4 Bb7 11. Rd1 Qc8 12. Bg5 h6 13. Bh4 g5 14. Bg3 Bd6 15. Nbd2 Re8 16. Nf1 Na5 17. Bc2 Nc4 18. b3 Na3 19. Bd3 Bc6 20. N3d2 Qb7 21. f3 a5 22. Ne3 a4 23. Nf5 Bf8 24. Nf1 Nh5 25. N1e3 Nxg3 26. hxg3 Red8 27. Ng4 Kh7 28. Nxe5 Be8 29. Ng4 Qb6+ 30. Kh2 h5 31. Nf6+ Qxf6 32. e5 Qg6 33. Nd4 Bd7 34. Bxg6+ fxg6 35. e6 Re8 36. Re1 Bg7 37. Qd3 Bc8 38. e7 c5 39. Nxb5 Nxb5 40. Qxb5 Bf5 41. Rac1 Rab8 42. Qxa4 h4 43. g4 Bd3 44. Qd7 Ra8 45. Qxd3 1-0


[Site "https://www.chess.com"]

[Event "Titled Tuesday Blitz July 18 Early 2023"]
[White "Zampronha, Wladimir Camilo"]
[Black "Liu, Casper"]
[WhiteFideId "2103087"]
[BlackFideId "1454153"]
[WhiteElo "2286"]
[BlackElo "2448"]
[Result "1/2-1/2"]
[Round "9"]
[TimeControl "180+2"]
[Date "2023.07.18"]
[WhiteClock "0:00:21"]
[BlackClock "0:01:32"]
[Board "124"]

1. e4 c5 2. Nf3 d6 3. d4 cxd4 4. Nxd4 Nf6 5. Nc3 Nc6 6. Bg5 Bd7 7. Qd2 Rc8 8. O-O-O Nxd4 9. Qxd4 Qa5 10. f4 Rxc3 11. Qxc3 Qxc3 12. bxc3 Nxe4 13. Bh4 g5 14. fxg5 Bg7 15. Bd3 Nxc3 16. Rde1 Nxa2+ 17. Kb1 Nc3+ 18. Kc1 Na2+ 19. Kb1 Nc3+ 20. Kc1 Be6 21. Kd2 a5 22. Ra1 Nd5 23. Rab1 Bc3+ 24. Ke2 Nb4 25. Be1 Bg4+ 26. Kf2 Bd4+ 27. Kg3 h5 28. Bxb4 Be5+ 29. Kf2 Bd4+ 30. Kg3 Be5+ 31. Kf2 Bd4+ 32. Kg3 1/2-1/2


[Site "https://www.chess.com"]

[Event "Titled Tuesday Blitz July 18 Early 2023"]
[White "Nunez V, Gustavo Eduardo"]
[Black "Peiris, T G M"]
[WhiteFideId "4403690"]
[BlackFideId "9901310"]
[WhiteElo "2442"]
[BlackElo "2277"]
[Result "0-1"]
[Round "9"]
[TimeControl "180+2"]
[Date "2023.07.18"]
[WhiteClock "0:00:02"]
[BlackClock "0:00:11"]
[Board "125"]

1. e4 c5 2. Nc3 d6 3. f4 g6 4. Nf3 Bg7 5. Bb5+ Nc6 6. Bxc6+ bxc6 7. O-O e6 8. d3 f5 9. Qe1 Ne7 10. exf5 exf5 11. Ng5 O-O 12. Ne6 Bxe6 13. Qxe6+ Kh8 14. Re1 Nc8 15. Bd2 Nb6 16. a4 a5 17. g3 Rf6 18. Qe2 Qd7 19. Qf3 d5 20. Re2 Re8 21. Rae1 Rfe6 22. Rxe6 Rxe6 23. Rxe6 Qxe6 24. b3 Bd4+ 25. Kg2 c4 26. Ne2 Bc5 27. Bxa5 cxb3 28. cxb3 d4 29. b4 Nd5 30. bxc5 Ne3+ 31. Kf2 Ng4+ 32. Kg1 Qa2 33. h3 Ne3 34. Bc7 Qb1+ 35. Kh2 Nf1+ 36. Kg2 Ne3+ 37. Kh2 Nf1+ 38. Kh1 Nd2+ 39. Kg2 Nxf3 40. Kxf3 Qxd3+ 41. Kf2 Qe3+ 42. Kf1 Qf3+ 43. Ke1 d3 44. Be5+ Kg8 45. Nd4 Qe3+ 46. Kd1 d2 47. Nc2 Qxc5 48. Kxd2 Qf2+ 49. Kd3 Qxg3+ 50. Ne3 Qxh3 51. a5 Qf3 52. Bc7 Qe4+ 53. Kd2 Qd4+ 54. Ke2 h5 55. Bb6 Qb2+ 56. Kf3 Qa2 57. Ng2 Qd5+ 58. Kg3 Qb3+ 59. Ne3 Kf7 60. Kh4 Qa2 61. Kg3 Ke6 62. Kf3 h4 63. Nc4 Qxc4 64. Kg2 Qd3 65. Kh2 Qg3+ 66. Kh1 h3 67. Bg1 Qg2# 0-1


[Site "https://www.chess.com"]

[Event "Titled Tuesday Blitz July 18 Early 2023"]
[White "Joshi, Pankaj"]
[Black "Herman, Daniel"]
[WhiteFideId "5006210"]
[BlackFideId "30935008"]
[WhiteElo "2273"]
[BlackElo "2423"]
[Result "0-1"]
[Round "9"]
[TimeControl "180+2"]
[Date "2023.07.18"]
[WhiteClock "0:00:00"]
[BlackClock "0:00:08"]
[Board "126"]

1. d4 Nf6 2. Bf4 g6 3. Nc3 d5 4. e3 Bg7 5. h4 h5 6. Nf3 O-O 7. Be2 c5 8. Ne5 Nc6 9. f3 cxd4 10. exd4 Qb6 11. Nxc6 bxc6 12. Na4 Qa5+ 13. c3 Nd7 14. b4 Qd8 15. Nc5 Nxc5 16. bxc5 Qa5 17. Qb3 Bxd4 18. Bd2 Bg7 19. c4 Qxc5 20. Rc1 Qd6 21. cxd5 Qg3+ 22. Kf1 cxd5 23. Be3 Be6 24. Qb4 Qe5 25. Bf4 Qd4 26. Qxd4 Bxd4 27. Rc7 Rfc8 28. Ba6 Rxc7 29. Bxc7 Bf5 30. Ke2 e6 31. Rd1 Bb6 32. Be5 Rd8 33. Bf6 Rd7 34. Bb5 Rc7 35. Rd2 Rc2 36. Kd1 Rxd2+ 37. Kxd2 d4 38. a4 Bb1 39. g4 hxg4 40. fxg4 Ba2 41. h5 gxh5 42. gxh5 Bd5 43. h6 Be4 44. Be8 Bg6 45. Bb5 Kh7 46. Bg7 f5 47. Bd7 Bf7 48. Bc6 f4 49. Be4+ Bg6 50. Bf3 d3 0-1


[Site "https://www.chess.com"]

[Event "Titled Tuesday Blitz July 18 Early 2023"]
[White "Mazurkiewicz, Michal"]
[Black "arturdailima"]
[WhiteFideId "1124943"]
[WhiteElo "2411"]
[BlackElo "2271"]
[Result "1-0"]
[Round "9"]
[TimeControl "180+2"]
[Date "2023.07.18"]
[WhiteClock "0:00:15"]
[BlackClock "0:00:34"]
[Board "127"]

1. e4 c5 2. Nf3 d6 3. g3 Nf6 4. d3 g6 5. Bg2 Bg7 6. O-O O-O 7. Re1 Nc6 8. e5 dxe5 9. Nxe5 Nxe5 10. Rxe5 Qd6 11. Bf4 Qb6 12. Nc3 Qxb2 13. Rxc5 Nh5 14. Be3 Rb8 15. Rb1 Qa3 16. Rb3 Qa6 17. Nd5 Be6 18. Nc7 Qxa2 19. Nxe6 fxe6 20. Rc7 Bf6 21. Bc5 Rfc8 22. Rbxb7 Rxc7 23. Rxb8+ Kf7 24. d4 e5 25. c3 exd4 26. Bxd4 Bxd4 27. Qxd4 Qa1+ 28. Bf1 Qxc3 29. Qd5+ e6 30. Qd8 e5 31. Qf8+ Ke6 32. Re8+ Kd5 33. Rd8+ Kc6 34. Qd6+ Kb7 35. Bg2+ Rc6 36. Bxc6+ Qxc6 37. Rb8+ Ka6 38. Qxc6+ 1-0


[Site "https://www.chess.com"]

[Event "Titled Tuesday Blitz July 18 Early 2023"]
[White "Zaichenko, Daria"]
[Black "Melikhov, Evgeny V."]
[WhiteFideId "4197453"]
[BlackFideId "4122046"]
[WhiteElo "2262"]
[BlackElo "2406"]
[Result "0-1"]
[Round "9"]
[TimeControl "180+2"]
[Date "2023.07.18"]
[WhiteClock "0:00:06"]
[BlackClock "0:00:15"]
[Board "128"]

1. e4 c5 2. Nf3 d6 3. d4 cxd4 4. Nxd4 Nf6 5. Nc3 a6 6. Be2 e6 7. Be3 Be7 8. Qd2 O-O 9. f4 Qc7 10. a4 Nc6 11. O-O Nxd4 12. Bxd4 e5 13. Be3 exf4 14. Bxf4 Be6 15. Nd5 Bxd5 16. exd5 Nd7 17. c4 Bf6 18. Rac1 a5 19. Bd3 g6 20. Qf2 Bg7 21. Qg3 Ne5 22. c5 dxc5 23. Be4 Qd6 24. Rfd1 b6 25. b3 Rae8 26. Bd3 f5 27. Bb5 Re7 28. Re1 Qf6 29. Bg5 Qd6 30. Bxe7 Qxe7 31. Rcd1 Qd6 32. Re2 f4 33. Qh3 f3 34. Rf2 Rf5 35. gxf3 Bf8 36. f4 Nf7 37. Qe3 Qf6 38. Qe6 Bd6 39. Qxf6 Rxf6 40. Re1 Bxf4 41. Re4 g5 42. Re6 Kg7 43. Rxf6 Kxf6 44. Re2 Nd6 45. Re6+ Kf5 46. Bd7 Be5 47. Rxd6+ Ke4 48. Rxb6 c4 49. Rb7 c3 50. Rc7 Bxc7 51. Be8 c2 0-1


[Site "https://www.chess.com"]

[Event "Titled Tuesday Blitz July 18 Early 2023"]
[White "Omariev, Maksim"]
[Black "Hernandez Bermudez, Ulises Eduardo"]
[WhiteFideId "4193423"]
[BlackFideId "3902510"]
[WhiteElo "2371"]
[BlackElo "2252"]
[Result "1-0"]
[Round "9"]
[TimeControl "180+2"]
[Date "2023.07.18"]
[WhiteClock "0:00:16"]
[BlackClock "0:00:00"]
[Board "129"]

1. g4 d5 2. Bg2 Bxg4 3. c4 Nf6 4. Qb3 Nbd7 5. cxd5 Nb6 6. Nc3 Qd7 7. h3 Bh5 8. e4 O-O-O 9. Nge2 Bxe2 10. Nxe2 e6 11. dxe6 fxe6 12. d4 Qc6 13. Be3 Nxe4 14. O-O g5 15. Rac1 Nd2 16. Bxd2 Qd6 17. Bxg5 Nd5 18. Bxd8 Qxd8 19. Ng3 Rg8 20. Rfe1 Bd6 21. Qf3 Qe8 22. Kh1 Qg6 23. Qe4 Kd7 24. Qxg6 Rxg6 25. Ne4 Nf4 26. Nxd6 Kxd6 27. Bf1 c6 28. Rc5 Nd5 29. Rc2 Rf6 30. Bg2 Rf4 31. Bxd5 Kxd5 32. Rd2 b6 33. Re5+ Kd6 34. Kg2 h6 35. Kg3 Rf6 36. Rde2 c5 37. dxc5+ bxc5 38. f4 c4 39. h4 1-0


[Site "https://www.chess.com"]

[Event "Titled Tuesday Blitz July 18 Early 2023"]
[White "K2JW"]
[Black "Sarkar, Justin"]
[BlackFideId "2010011"]
[WhiteElo "2361"]
[BlackElo "2243"]
[Result "1-0"]
[Round "9"]
[TimeControl "180+2"]
[Date "2023.07.18"]
[WhiteClock "0:00:58"]
[BlackClock "0:00:28"]
[Board "130"]

1. d4 e6 2. c4 f5 3. g3 Nf6 4. Bg2 Be7 5. Nf3 O-O 6. O-O Ne4 7. Nc3 Nxc3 8. bxc3 d6 9. Re1 Nc6 10. e4 fxe4 11. Rxe4 Bf6 12. Bf4 g5 13. Bxg5 Bxg5 14. Nxg5 e5 15. Qh5 Bf5 16. Rh4 Bg6 17. Bd5+ Kg7 18. Ne6+ 1-0


[Site "https://www.chess.com"]

[Event "Titled Tuesday Blitz July 18 Early 2023"]
[White "Levitan, Ronit"]
[Black "Sovetbekova, Nurai"]
[WhiteFideId "2815109"]
[BlackFideId "13801910"]
[WhiteElo "2243"]
[BlackElo "2361"]
[Result "1-0"]
[Round "9"]
[TimeControl "180+2"]
[Date "2023.07.18"]
[WhiteClock "0:00:37"]
[BlackClock "0:00:03"]
[Board "131"]

1. e4 c5 2. c3 Nf6 3. e5 Nd5 4. d4 cxd4 5. cxd4 d6 6. Nf3 Nc6 7. Bc4 dxe5 8. dxe5 Ndb4 9. O-O Qxd1 10. Rxd1 Nc2 11. Na3 Nxa1 12. Nb5 Bd7 13. Nc7+ Kd8 14. Nxa8 e6 15. Bg5+ Be7 16. Rxa1 Bxg5 17. Nxg5 Nxe5 18. Bb3 h6 19. f4 hxg5 20. fxe5 Bc6 21. Rd1+ Ke7 22. Nc7 Rc8 23. Nxe6 fxe6 24. Rd6 Bd5 25. Bxd5 exd5 26. Rxd5 Rc1+ 27. Kf2 Rc2+ 28. Kg3 Rxb2 29. Ra5 a6 30. h3 Ke6 31. Kf3 Rc2 32. g3 Rc3+ 33. Kg4 Re3 34. Rc5 Re2 35. Rc7 Rxa2 36. Rxb7 Kxe5 37. Kxg5 Ra3 38. Kg4 Kf6 39. Rb6+ Kf7 40. h4 a5 41. Ra6 a4 42. Kf4 Ra1 43. g4 a3 44. Kg5 a2 45. Ra7+ Kf8 46. h5 Kg8 47. Kg6 Kf8 48. g5 Rd1 49. Ra8+ Ke7 50. Rxa2 Rg1 51. Ra5 Kf8 52. Ra7 Rg2 53. Rf7+ Kg8 54. Rxg7+ Kh8 55. Ra7 1-0


[Site "https://www.chess.com"]

[Event "Titled Tuesday Blitz July 18 Early 2023"]
[White "Alain_Otero"]
[Black "Vila Dupla, Aurelio"]
[BlackFideId "2203383"]
[WhiteElo "2359"]
[BlackElo "2216"]
[Result "0-1"]
[Round "9"]
[TimeControl "180+2"]
[Date "2023.07.18"]
[WhiteClock "0:00:00"]
[BlackClock "0:00:05"]
[Board "132"]

1. e4 c5 2. Nf3 d6 3. d4 cxd4 4. Nxd4 Nf6 5. Nc3 g6 6. Be3 Bg7 7. f3 O-O 8. Qd2 Nc6 9. Bc4 Bd7 10. h4 Ne5 11. Bb3 h5 12. O-O-O Rc8 13. Kb1 Nc4 14. Bxc4 Rxc4 15. g4 hxg4 16. h5 Nxh5 17. Rdg1 Rxc3 18. Qxc3 Qb6 19. Nf5 Bxc3 20. Nxe7+ Kg7 21. Bxb6 Be5 22. Bxa7 g3 23. Be3 Be6 24. Nf5+ Kf6 25. Nd4 Bd7 26. Rh4 Rc8 27. f4 Nxf4 28. Bxf4 Bxf4 29. Rxf4+ Ke5 30. Rxf7 Bh3 31. Rxg3 Rh8 32. Nb3 Be6 33. Rxb7 Rh1+ 34. Nc1 Kf4 0-1


[Site "https://www.chess.com"]

[Event "Titled Tuesday Blitz July 18 Early 2023"]
[White "Senft, Sean"]
[Black "Kiseleva, Arina"]
[WhiteFideId "2044960"]
[BlackFideId "4164989"]
[WhiteElo "2358"]
[BlackElo "2220"]
[Result "1-0"]
[Round "9"]
[TimeControl "180+2"]
[Date "2023.07.18"]
[WhiteClock "0:01:22"]
[BlackClock "0:00:04"]
[Board "133"]

1. d4 Nf6 2. c4 e6 3. Nc3 Bb4 4. Nf3 O-O 5. Bg5 Re8 6. e3 h6 7. Bh4 b6 8. Bd3 Bb7 9. O-O Be7 10. e4 d6 11. e5 dxe5 12. dxe5 Nfd7 13. Bxe7 Qxe7 14. Bc2 a5 15. Qd3 g6 16. Qe3 Kg7 17. Rad1 Na6 18. Rd2 Bxf3 19. gxf3 Nac5 20. Kh1 Qg5 21. f4 Qh5 22. Rg1 Nf8 23. Bd1 Qh4 24. Rg4 Qe7 25. Bc2 Rad8 26. Re2 Qd7 27. Qg3 Qc6+ 28. Kg1 Rd7 29. h4 h5 30. Rg5 Kh6 31. Rxh5+ gxh5 32. Qg5# 1-0


[Site "https://www.chess.com"]

[Event "Titled Tuesday Blitz July 18 Early 2023"]
[White "Larina, Maria"]
[Black "Wernberg, Hugo"]
[WhiteFideId "24113182"]
[BlackFideId "1737511"]
[WhiteElo "2211"]
[BlackElo "2357"]
[Result "1-0"]
[Round "9"]
[TimeControl "180+2"]
[Date "2023.07.18"]
[WhiteClock "0:00:07"]
[BlackClock "0:00:01"]
[Board "134"]

1. e4 e5 2. Nf3 Nc6 3. Nc3 Nf6 4. Bb5 Bb4 5. O-O O-O 6. d3 d6 7. Ne2 a6 8. Bxc6 bxc6 9. c3 Ba5 10. Ng3 c5 11. h3 Bb7 12. Be3 c4 13. b4 Bb6 14. Bxb6 cxb6 15. Re1 Rc8 16. d4 b5 17. Qc2 exd4 18. Nxd4 Re8 19. Rad1 Qb6 20. Ndf5 Rcd8 21. Rd2 Nxe4 22. Nxe4 d5 23. Qd1 dxe4 24. Rxd8 Rxd8 25. Qg4 g6 26. Nd4 Qf6 27. Re3 Qe5 28. f4 Qf6 29. f5 Kg7 30. h4 Re8 31. h5 g5 32. Kf2 h6 33. Ke1 Re5 34. g3 Qe7 35. Kd2 f6 36. Kc2 Bc8 37. Qe2 Bxf5 38. Nc6 Qe6 39. Nxe5 Qxe5 40. g4 Bh7 41. Qd2 Bg8 42. Qd7+ Bf7 43. Re2 Qf4 44. Qf5 Qxf5 45. gxf5 Bd5 46. Rd2 Bc6 47. Rd6 Ba8 48. Rd7+ Kf8 49. Ra7 Bd5 50. Rxa6 e3 51. Kd1 Ke7 52. Ke1 Be4 53. Ra7+ Kd6 54. Rf7 Ke5 55. Rh7 Bxf5 56. Rxh6 Bd3 57. Rh8 f5 58. Re8+ Kf4 59. h6 Kg3 60. h7 f4 61. h8=Q f3 62. Qe5+ Kg2 63. Qxe3 1-0


[Site "https://www.chess.com"]

[Event "Titled Tuesday Blitz July 18 Early 2023"]
[White "Cardenas Carbajal, Nilson"]
[Black "micke12a"]
[WhiteFideId "8401128"]
[WhiteElo "2188"]
[BlackElo "2341"]
[Result "0-1"]
[Round "9"]
[TimeControl "180+2"]
[Date "2023.07.18"]
[WhiteClock "0:00:07"]
[BlackClock "0:01:17"]
[Board "135"]

1. e4 c5 2. d4 e6 3. Nf3 cxd4 4. c3 d3 5. Bxd3 Nc6 6. O-O Nf6 7. c4 d5 8. exd5 exd5 9. Re1+ Be7 10. cxd5 Nxd5 11. Ng5 Nf6 12. Qe2 O-O 13. Nc3 h6 14. Nge4 Nd4 15. Qe3 Nxe4 16. Qxe4 Bf5 17. Qxe7 Bxd3 18. Qxd8 Raxd8 19. Be3 Nc2 20. Bxa7 Nxa1 21. Rxa1 b5 22. a3 Bc4 23. Bc5 Rfe8 24. h3 Rd2 25. b4 Rc2 26. Bd4 Rd8 27. Be5 f6 28. Bc7 Rd7 0-1


[Site "https://www.chess.com"]

[Event "Titled Tuesday Blitz July 18 Early 2023"]
[White "Cheer_Down"]
[Black "Feliz Dotel, Dewar Bienvenido"]
[BlackFideId "6402801"]
[WhiteElo "2429"]
[BlackElo "2070"]
[Result "1-0"]
[Round "9"]
[TimeControl "180+2"]
[Date "2023.07.18"]
[WhiteClock "0:00:05"]
[BlackClock "0:00:00"]
[Board "137"]

1. e4 e5 2. Nf3 Nc6 3. Bc4 Nf6 4. d3 Be7 5. O-O O-O 6. Re1 h6 7. a4 d6 8. a5 a6 9. Nc3 Bg4 10. h3 Bxf3 11. Qxf3 Nd4 12. Qd1 c6 13. Be3 d5 14. exd5 cxd5 15. Ba2 Nxc2 16. Bb6 Qc8 17. Qxc2 d4 18. Qb3 dxc3 19. Rac1 Qf5 20. Rxc3 Bd8 21. d4 Bxb6 22. Rf3 Qg5 23. dxe5 Bd4 24. exf6 Bxf6 25. Re4 Qc1+ 26. Kh2 Qxb2 27. Qa4 Be5+ 28. g3 Bf6 29. Rg4 Kh8 30. Kg2 Qb5 31. Qb3 Qxb3 32. Rxb3 Rab8 33. Rbb4 Be7 34. Rbf4 f5 35. Rg6 Bf6 36. Rc4 b6 37. axb6 Rxb6 38. g4 Rb2 39. Ra4 fxg4 40. hxg4 Bg5 41. Raxa6 Rfxf2+ 42. Kg3 Rg2+ 43. Kf3 Rbf2+ 44. Ke4 1-0


[Site "https://www.chess.com"]

[Event "Titled Tuesday Blitz July 18 Early 2023"]
[White "Ionescu, Mihai"]
[Black "Spichkin, Alexander"]
[WhiteFideId "1202499"]
[BlackFideId "4144074"]
[WhiteElo "2507"]
[BlackElo "2291"]
[Result "0-1"]
[Round "9"]
[TimeControl "180+2"]
[Date "2023.07.18"]
[WhiteClock "0:00:16"]
[BlackClock "0:00:21"]
[Board "138"]

1. Nf3 f5 2. d3 Nf6 3. e4 d6 4. Nc3 e5 5. exf5 Bxf5 6. g3 Be7 7. Bg2 Nc6 8. O-O O-O 9. Nd2 Qe8 10. Nd5 Bd8 11. Nc4 Qg6 12. Nce3 Be6 13. Nxf6+ Bxf6 14. Bd5 Nd8 15. Qe2 c6 16. Bxe6+ Nxe6 17. Nc4 Rad8 18. f4 Nd4 19. Qg2 exf4 20. Bxf4 d5 21. Ne5 Qe8 22. Ng4 Qh5 23. Nxf6+ Rxf6 24. Be5 Nf3+ 25. Rxf3 Rxf3 26. g4 Qf7 27. Bc7 Rf8 28. Bd6 Rd8 29. Bc7 Re8 30. Bg3 Rfe3 31. Rf1 Qe6 32. Bf2 Re2 33. h3 Rxc2 34. Qg3 Rxb2 35. Bd4 Rxa2 36. Qc7 Qe7 37. Qg3 Qe2 38. Rf2 Qe1+ 0-1


[Site "https://www.chess.com"]

[Event "Titled Tuesday Blitz July 18 Early 2023"]
[White "Bueno, Alfeu Junior Varela"]
[Black "Magallanes, Rey Jomar"]
[WhiteFideId "2108879"]
[BlackFideId "5205948"]
[WhiteElo "2397"]
[BlackElo "2264"]
[Result "1/2-1/2"]
[Round "9"]
[TimeControl "180+2"]
[Date "2023.07.18"]
[WhiteClock "0:00:05"]
[BlackClock "0:00:47"]
[Board "139"]

1. e4 c5 2. Nc3 d6 3. f4 Nc6 4. Nf3 Nf6 5. Bb5 Bd7 6. d3 g6 7. O-O Bg7 8. Bxc6 Bxc6 9. Qe1 O-O 10. Qh4 d5 11. f5 dxe4 12. dxe4 e6 13. Bg5 h6 14. Bxh6 exf5 15. exf5 Bxf3 16. Rxf3 Qd4+ 17. Qxd4 cxd4 18. Bxg7 Kxg7 19. Nb5 Rad8 20. Nxa7 Rd5 21. fxg6 Ra5 22. Raf1 fxg6 23. Nc8 Rxc8 24. Rxf6 Rxc2 25. Rf7+ Kh6 26. Rxb7 Rxa2 27. Rd1 d3 28. h3 d2 29. Kf2 Raxb2 30. Rxb2 Rxb2 31. Ke2 Kg5 32. Rxd2 Rb3 33. Kf2 Rc3 34. Re2 Kf5 35. Re3 Rc2+ 36. Kg3 g5 37. Rf3+ Kg6 38. Rd3 Kf5 39. Rd5+ Kf6 40. Kf3 Rc3+ 41. Kg4 Rc4+ 42. Kg3 Rc3+ 43. Kf2 Rc2+ 44. Kf3 Rc3+ 45. Ke2 Rc2+ 46. Rd2 Rc3 47. Kf2 Kf5 48. Re2 Rb3 49. Re8 Rb2+ 50. Kg3 Rb3+ 51. Kh2 Rb2 52. Rh8 Rb4 53. Rh5 Kg6 54. Rh8 Kf5 55. Rf8+ Kg6 56. Rf3 Kh5 57. Kg3 Ra4 58. Re3 Rb4 59. Kf3 Ra4 60. g3 Rb4 61. Re4 Rb3+ 62. Re3 Rb4 63. Re2 Rb3+ 64. Kg2 Ra3 65. Rf2 Rb3 66. Rd2 Ra3 67. Rd5 Ra2+ 68. Kf3 Ra3+ 69. Kf2 Ra2+ 70. Ke3 Ra3+ 71. Rd3 Ra4 72. Kf3 Rb4 73. Re3 Ra4 74. Kg2 Ra2+ 75. Kf3 Ra4 76. Re4 Ra3+ 77. Kf2 Ra2+ 78. Re2 Ra3 79. Kg2 Rb3 80. Rf2 Ra3 81. Kh2 Rb3 82. Rg2 Ra3 83. Kg1 Ra1+ 84. Kf2 Ra2+ 85. Kf3 Ra3+ 86. Ke4 Ra4+ 87. Kd5 Ra5+ 88. Kc4 Ra4+ 89. Kb3 Rd4 90. Kc3 Ra4 91. Kb3 Rd4 92. h4 gxh4 93. gxh4 Kxh4 94. Rc2 Rd3+ 95. Rc3 Rxc3+ 96. Kxc3 1/2-1/2


[Site "https://www.chess.com"]

[Event "Titled Tuesday Blitz July 18 Early 2023"]
[White "Kev4444444444"]
[Black "Slovineanu, Viacheslav"]
[BlackFideId "13900510"]
[WhiteElo "2228"]
[BlackElo "2365"]
[Result "1-0"]
[Round "9"]
[TimeControl "180+2"]
[Date "2023.07.18"]
[WhiteClock "0:00:29"]
[BlackClock "0:00:00"]
[Board "140"]

1. c4 e5 2. Nc3 Bb4 3. Nd5 Be7 4. g3 Nf6 5. Nxe7 Qxe7 6. Bg2 d6 7. d3 h6 8. Nf3 O-O 9. O-O c5 10. a3 Nc6 11. Rb1 a5 12. b3 Bf5 13. e4 Bg4 14. Bd2 Nd4 15. Bc3 Nd7 16. Bxd4 cxd4 17. Qe2 Nc5 18. Qd2 Bxf3 19. Bxf3 Ra7 20. Bd1 f5 21. exf5 Rxf5 22. b4 Ne6 23. Bg4 Rf6 24. Bxe6+ Qxe6 25. bxa5 Qd7 26. Rb5 Rf8 27. Rfb1 Rfa8 28. Qb4 Qc7 29. Rxb7 Rxb7 30. Qxb7 Qxa5 31. Qd7 Qxa3 32. Rb7 Qc1+ 33. Kg2 Qg5 34. Qxd6 Rf8 35. Qe6+ Kh8 36. Rf7 Rxf7 37. Qxf7 Qd2 38. Qf8+ Kh7 39. Qf5+ Kh8 40. Qe4 Kg8 41. c5 Qc3 42. Qxe5 Qxd3 43. c6 Qc4 44. c7 Kf7 45. Qf5+ 1-0


[Site "https://www.chess.com"]